 Dungeon Crawl Stone Soup version 0.30-a0-626-gd6a5dd7a1f (webtiles) character file.

Game seed: 6663656490737356311

177 Rrauwl the Sneak (level 5, -2/46 HPs)
             Began as a Draconian Delver on Jan 11, 2023.
             Was an Initiate of Okawaru.
             Succumbed to Ijyb's poison
             ... on level 3 of the Dungeon.
             The game lasted 00:10:02 (2673 turns).

Rrauwl the Sneak (Draconian Delver)                 Turns: 2673, Time: 00:10:03

Health: -2/46      AC:  7    Str: 16    XL:     5   Next: 30%
Magic:  5/5        EV: 12    Int: 11    God:    Okawaru [......]
Gold:   251        SH:  0    Dex: 10    Spells: 4/4 levels left

rFire   . . .      SeeInvis .    a - +0 spear
rCold   . . .      Faith    .    (no shield)
rNeg    . . .      Spirit   .    (body armour unavailable)
rPois   .          Reflect  .    (helmet restricted)
rElec   .          Harm     .    o - +1 cloak
rCorr   +          Rampage  .    (no gloves)
Will    .....                    (no boots)
Stlth   +                        (no amulet)
HPRegen 0.27/turn                k - ring of resist corrosion
MPRegen 0.09/turn                (no ring)

@: confused, lethally poisoned (-2 -> -18), flying
A: AC +5, unfitting armour, cold-blooded, big wings, clumsy 1, no potion heal 1
a: Renounce Religion


You were on level 3 of the Dungeon.
You worshipped Okawaru.
Okawaru was noncommittal.
You visited 2 branches of the dungeon, and saw 7 of its levels.

You collected 251 gold pieces.

Inventory:

Hand Weapons
 a - a +0 spear (weapon)
 m - a +0 whip of freezing
Missiles
 e - 3 silver boomerangs
 j - 6 poisoned darts (quivered)
Armour
 o - a +1 cloak (worn)
Magical Staves
 i - a staff of poison
Jewellery
 k - a ring of resist corrosion (left hand)
 p - a ring of poison resistance
Wands
 f - a wand of digging (5)
Scrolls
 b - a scroll of fog
 c - 4 scrolls of magic mapping
 l - 2 scrolls of identify
Potions
 h - 2 potions of brilliance


   Skills:
 - Level 4.0 Fighting
 + Level 4.7 Polearms
 - Level 2.0 Dodging
 - Level 5.0 Stealth
 + Level 0.0 Invocations


You had 4 spell levels left.
You didn't know any spells.
Your spell library contained the following spells:

 Spells                   Type           Power      Damage    Failure   Level
 Ensorcelled Hibernation  Hex/Ice        0%         N/A       47%         2
 Dazzling Flash           Conj/Hex       0%         N/A       71%         3
 Spider Form              Tmut/Pois      0%         N/A       71%         3
 Anguish                  Hex/Necr       0%         N/A       98%         4
 Agony                    Necr           0%         N/A       100%        5
 Silence                  Hex/Air        0%         N/A       100%        5


Dungeon Overview and Level Annotations

Branches:
Dungeon (6/15)             Temple (1/1) D:5

Altars:
Ashenzari
Cheibriados
Elyvilon
Gozag
Okawaru
Qazlal
Ru
Sif Muna
Trog
Uskayaw
Vehumet
Wu Jian
Yredelemnul
The Shining One

Annotations:
D:3 Ijyb
D:5 Grinder


Innate Abilities, Weirdness & Mutations

Your plain brown scales are hard. (AC +5)
You cannot fit into any form of body armour.
You are cold-blooded and may be slowed by cold attacks.
Your large and strong wings let you fly.
You are clumsy. (Dex -2)
Potions are less effective at restoring your health.


Message History

Ijyb misses you.
You feel very sick.
Ijyb zaps a wand.
You resist with some effort.
You feel sick.
You feel sick.
You feel sick.
You feel sick.
You feel sick.
You feel sick.
You feel sick.
You feel sick.
You are no longer poisoned.
Ijyb zaps a wand.
You resist with some effort.
Ijyb zaps a wand.
You resist with some effort. Ijyb screams, "I dance on your bones!"
Found a stone staircase leading down.
Ijyb zaps a wand.
Your will is overpowered!
You are confused.
You bump into the rock wall.
Ijyb hits you with a +3 dagger of venom.
You are poisoned.
You feel sick.
You're too confused to move!
You feel sick.
Ijyb hits you with a +3 dagger of venom.
* * * LOW HITPOINT WARNING * * *
You bump into the rock wall.
You feel less confused.
You feel sick. Ijyb barely misses you.
You feel sick.
Ijyb zaps a wand.
Your will is overpowered!
You are confused.
You bump into the rock wall.
You feel sick.
You are no longer poisoned.
Ijyb zaps a wand.
You resist with some effort.
You bump into the rock wall.
Ijyb zaps a wand.
Your will is overpowered!
You are more confused.
Ijyb hits you with a +3 dagger of venom.
* * * LOW HITPOINT WARNING * * *
You are lethally poisoned!
You bump into the rock wall.
You die...

#.#...........
#.#..#######.#
#....# #.#
######.##.#
#.#
..g.g..##g#
#.#
.########.#
#># .# #.# #.#
.# #.#######.#
.# #......g@.#
§# ###########
§# .# ##


You could see Ijyb.

Vanquished Creatures
  An orc wizard (D:3)
  An iguana (D:5)
  3 adders
  A shadow imp (D:5)
  A white imp (D:5)
  A worm (D:2)
  6 dart slugs
  8 orcs
  3 ball pythons
  6 bats
  2 endoplasms
  3 giant cockroaches
  5 goblins
  11 hobgoblins
  3 kobolds
  4 frilled lizards
  5 rats (D:1)
64 creatures vanquished.

Vanquished Creatures (others)
  3 fungi (D:2)
  5 toadstools (D:2)
8 creatures vanquished.

Grand Total: 72 creatures vanquished

Notes
Turn   | Place    | Note
-------+----------+-------------------------------------------
     0 | D:5      | Rrauwl the Draconian Delver began the quest for the Orb.
     0 | D:5      | Reached XP level 1. HP: 19/19 MP: 1/1
     0 | D:5      | Found a staircase to the Ecumenical Temple.
     9 | Temple   | Entered the Ecumenical Temple
    99 | Temple   | Became a worshipper of Warmaster Okawaru
   166 | D:5      | Reached XP level 2. HP: 16/26 MP: 2/2
   253 | D:5      | Noticed Grinder
   374 | D:5      | Found a snail-covered altar of Cheibriados.
   374 | D:5      | Found a broken altar of Ashenzari.
   374 | D:5      | Found a stormy altar of Qazlal.
   374 | D:5      | Found a sacrificial altar of Ru.
   402 | D:5      | Reached XP level 3. HP: 29/33 MP: 3/3
   542 | D:5      | Reached skill level 5 in Stealth
   688 | D:3      | Noticed Ijyb
   891 | D:3      | Noticed a water moccasin
   918 | D:3      | Reached XP level 4. HP: 36/40 MP: 4/4
   985 | D:1      | Gained mutation: Potions are less effective at restoring
                  | your health. [potion of mutation]
   985 | D:1      | Gained mutation: You are clumsy. (Dex -2) [potion of
                  | mutation]
   985 | D:1      | Gained mutation: Your large and strong wings let you fly.
                  | [potion of mutation]
  1427 | D:1      | Noticed an ogre
  2197 | D:3      | Reached XP level 5. HP: 27/46 MP: 5/5
  2520 | D:3      | Found a faded altar of an unknown god.
  2672 | D:3      | HP: 2/46 [Ijyb/+3 dagger of venom (5)]
  2673 | D:3      | Succumbed to Ijyb's poison

Illustrated notes

Levels and vault maps discovered:
D:1:      evilmike_arrival_come_back, layout_basic, minmay_pentomino_q4
D:2:      layout_rooms, st_stairs_11, minmay_strange_pillars,
          minmay_gold_behind_fungi, minmay_misc_feat_encased,
          chequers_serial_rivers_room_b
D:3:      layout_loops_ring, basic_ecumenical_altar,
          wander_ebering_terrifying_dragon_lair, uniq_ijyb
D:4:      minmay_inner_zag, layout_loops_ring,
          grunt_temple_overflow_order_and_chaos_2
D:5:      layout_loops_ring, riverfiend_overflow_shadow_ancestor,
          nemelex_dance_club_becter, chequers_temple_overflow_statue_of_worship,
          minmay_temple_entry_from_below_a, uniq_grinder, uniq_prince_ribbit1
D:6:      layout_cave_pools, uniq_menkaure, uniq_maggie
Temple:   eino_temple_lava

Skill      XL: |  1  2  3  4 |
---------------+-------------+-----
Dodging        | 2 |  2.0
Stealth        | 5 |  5.0
Fighting       | 4 |  4.0
Polearms       | 3 4 |  4.7

Action                   |  1- 3 |  4- 6 || total
-------------------------+-------+-------++-------
Melee: Spear             |    82 |   231 ||   313
       Tailslap          |    14 |    24 ||    38
       Punch             |     1 |     2 ||     3
  Use: Potion            |     1 |     4 ||     5
       Scroll            |       |     5 ||     5
 Stab: Sleeping          |     2 |     7 ||     9
Armor: Skin              |    13 |    70 ||    83
Dodge: Dodged            |    44 |    86 ||   130

Table legend: (Time is in decaauts)
 A = Elapsed time spent in this place.
 B = Non-inter-level travel time spent in this place.
 C = Inter-level travel time spent in this place.
 D = Time resting spent in this place.
 E = Time spent auto-exploring this place.
 F = Levels seen in this place.
 G = Mean time per level.
                   A        B        C        D        E       F      G
               +--------+--------+--------+--------+--------+-----+--------+
         Total |   2638 |   2573 |     65 |      0 |   1751 |   7 |  376.9 |
       Dungeon |   2541 |   2483 |     58 |      0 |   1681 |   6 |  423.5 |
        Temple |     97 |     90 |      7 |      0 |     70 |   1 |   97.0 |
               +--------+--------+--------+--------+--------+-----+--------+

Top non-repeatable levels by time:
     D:3: 777 daAuts
     D:1: 676 daAuts
     D:5: 551 daAuts
     D:2: 495 daAuts
  Temple: 97 daAuts
     D:6: 25 daAuts
     D:4: 13 daAuts
